[Event "Titled Tuesday Blitz April 11 Late 2023"]
[White "Dobre, Claudiu-Cristian"]
[Black "Mendonca, Leon Luke"]
[WhiteFideId "1211854"]
[BlackFideId "35028561"]
[WhiteElo "2207"]
[BlackElo "2464"]
[Result "1-0"]
[Round "08"]
[TimeControl "180+2"]
[Date "2023.04.11"]
[WhiteClock "0:00:05"]
[BlackClock "0:00:02"]

1. e4 c5 2. b3 Nf6 3. e5 Nd5 4. d4 cxd4 5. Qxd4 e6 6. Nf3 Nc6 7. Qb2 d6 8. c4 Nc7 9. Bg5 Qd7 10. exd6 Qxd6 11. Nc3 f6 12. Be3 Qa3 13. Bc1 Qa5 14. a3 Be7 15. b4 Qh5 16. Be2 O-O 17. O-O Qg6 18. Be3 Bd7 19. Rad1 Rfd8 20. Rd2 Be8 21. Rfd1 Rxd2 22. Rxd2 b6 23. Qb3 Rc8 24. h3 Qf7 25. Qd1 Rd8 26. Rxd8 Nxd8 27. c5 bxc5 28. bxc5 Nc6 29. Nd4 Nxd4 30. Qxd4 Bc6 31. Bd3 Qe8 32. Be4 Bxe4 33. Qxe4 a6 34. a4 h6 35. g4 Qb8 36. Kg2 Kf7 37. c6 Qb3 38. Ne2 Qd5 39. Qxd5 Nxd5 40. Kf3 Ke8 41. Nd4 e5 42. Nf5 Bf8 43. Bd2 Kd8 44. Ba5+ Kc8 45. Ke4 Nc7 46. h4 Ne6 47. h5 Nf4 48. f3 Ne2 49. Kd5 Ng1 50. Nh4 1-0


[Site "https://www.chess.com"]

[Event "Titled Tuesday Blitz April 11 Late 2023"]
[White "Baskakov, Egor"]
[Black "Golubev, Mikhail"]
[WhiteFideId "24197866"]
[BlackFideId "14100983"]
[WhiteElo "2212"]
[BlackElo "2374"]
[Result "1-0"]
[Round "08"]
[TimeControl "180+2"]
[Date "2023.04.11"]
[WhiteClock "0:00:27"]
[BlackClock "0:00:01"]

1. e4 c5 2. Nf3 d6 3. d4 cxd4 4. Nxd4 Nf6 5. Nc3 g6 6. g3 Bg7 7. Bg2 O-O 8. h3 Nc6 9. Nde2 Rb8 10. a4 a6 11. O-O b5 12. axb5 axb5 13. Be3 b4 14. Nd5 Nd7 15. Ra2 e6 16. Ndf4 Nc5 17. b3 Ba6 18. Qd2 Bxe2 19. Nxe2 Qc7 20. Rd1 Rfd8 21. h4 Ne5 22. Bg5 Rd7 23. Nd4 Ng4 24. h5 gxh5 25. Ne2 d5 26. exd5 exd5 27. Nf4 d4 28. Nxh5 Bh8 29. Bf4 Be5 30. Bh3 Ne4 31. Qe2 Ngxf2 32. Bxd7 Bxf4 33. Nxf4 Qxd7 34. Rf1 Rc8 35. Rxf2 Nxf2 36. Qxf2 Qg4 37. Nd3 Re8 38. Ra1 Re2 39. Ra8+ Kg7 40. Qf4 Qxf4 41. Nxf4 Rxc2 42. Rb8 Rc3 43. Rxb4 Rxg3+ 44. Kf2 Rc3 45. Nd5 Rc2+ 46. Kf3 d3 47. Ne3 Rb2 48. Rg4+ Kf8 49. Rd4 d2 50. b4 h5 51. Nd1 Rb3+ 52. Ke2 h4 53. Rxh4 1-0


[Site "https://www.chess.com"]

[Event "Titled Tuesday Blitz April 11 Late 2023"]
[White "Bortnyk, Olexandr"]
[Black "Nazari, Arad"]
[WhiteFideId "14120828"]
[BlackFideId "12577324"]
[WhiteElo "2734"]
[BlackElo "2242"]
[Result "1-0"]
[Round "08"]
[TimeControl "180+2"]
[Date "2023.04.11"]
[WhiteClock "0:02:31"]
[BlackClock "0:00:44"]

1. d4 Nf6 2. Nc3 d5 3. Bf4 e6 4. Nb5 Na6 5. e3 c6 6. Nc3 Nc7 7. Nf3 Bd6 8. Ne5 Qe7 9. Qf3 h6 10. Bd3 Nd7 11. Nxf7 Qxf7 12. Bxd6 Nf6 13. Qg3 Kd8 14. Bg6 Qd7 15. O-O-O b5 16. f3 a5 17. e4 a4 18. a3 Nce8 19. Bc5 Qc7 20. e5 Ng8 21. Qh4+ Ne7 22. Na2 Rf8 23. Nb4 Bb7 24. Rhf1 Qd7 25. f4 Nc7 26. g4 Na6 27. Nxa6 Bxa6 28. f5 b4 29. fxe6 1-0


[Site "https://www.chess.com"]

[Event "Titled Tuesday Blitz April 11 Late 2023"]
[White "De La Colina, Nicolas"]
[Black "Duda, Jan-Krzysztof"]
[WhiteFideId "30946921"]
[BlackFideId "1170546"]
[WhiteElo "2046"]
[BlackElo "2790"]
[Result "0-1"]
[Round "08"]
[TimeControl "180+2"]
[Date "2023.04.11"]
[WhiteClock "0:00:05"]
[BlackClock "0:00:57"]

1. e4 d6 2. d4 g6 3. Nf3 Bg7 4. c3 Nd7 5. Bd3 e5 6. O-O Ngf6 7. Re1 O-O 8. Nbd2 b6 9. Nf1 Bb7 10. Ng3 Re8 11. Bc2 a6 12. a4 b5 13. h3 c5 14. Qe2 exd4 15. cxd4 Qb6 16. axb5 axb5 17. Rxa8 Bxa8 18. dxc5 Nxc5 19. Be3 b4 20. Qc4 Bb7 21. e5 Ba6 22. Qd4 Nfd7 23. Qxd6 Qxd6 24. exd6 Bxb2 25. Bxc5 Rxe1+ 26. Nxe1 Nxc5 27. Ne4 Nd7 28. Nd3 b3 29. Bb1 Bd4 30. Nd2 b2 31. Kf1 Nc5 32. Ke2 Kf8 33. Bc2 Ke8 34. Nb1 Kd7 35. f3 Kxd6 36. Kd2 Nxd3 37. Bxd3 Bxd3 38. Kxd3 Ke5 39. g3 h5 40. h4 Bf2 0-1


[Site "https://www.chess.com"]

[Event "Titled Tuesday Blitz April 11 Late 2023"]
[White "Ezat, Mohamed"]
[Black "Keymer, Vincent"]
[WhiteFideId "10600906"]
[BlackFideId "12940690"]
[WhiteElo "2386"]
[BlackElo "2651"]
[Result "0-1"]
[Round "08"]
[TimeControl "180+2"]
[Date "2023.04.11"]
[WhiteClock "0:00:05"]
[BlackClock "0:00:21"]

1. d4 Nf6 2. c4 e6 3. Nc3 Bb4 4. e3 O-O 5. a3 Bxc3+ 6. bxc3 d6 7. Bd3 e5 8. Ne2 e4 9. Bb1 Nc6 10. Ng3 Re8 11. O-O Na5 12. f3 exf3 13. Qxf3 Bg4 14. Qf2 Nb3 15. Ra2 Nxc1 16. Rxc1 Be6 17. Bd3 b5 18. e4 bxc4 19. Bc2 Rb8 20. Rf1 Ng4 21. Qf4 Qf6 22. Ba4 Qxf4 23. Rxf4 Rb1+ 24. Rf1 Reb8 25. Ra1 R1b2 26. Rfe1 Nf2 27. Re2 Nd3 28. Rxb2 Rxb2 29. Bd1 g6 30. Be2 h5 31. Bf1 Rc2 32. Ne2 Bg4 33. Ng3 h4 34. Nh1 Rxc3 35. h3 Bd7 36. Rb1 Kg7 37. Rb7 Bc6 38. Rxc7 Bxe4 39. Rxa7 Rc1 40. Rc7 c3 41. Nf2 Nxf2 42. Kxf2 c2 43. Be2 Ra1 44. Ke3 c1=Q+ 45. Rxc1 Rxc1 46. Kxe4 Ra1 47. Kd5 Rxa3 48. Kxd6 f5 49. Bf3 Kf6 50. d5 Ra6+ 51. Kc5 Ke5 52. Kc4 g5 53. Kc5 Ra1 54. Kc6 Rc1+ 55. Kd7 Rc3 56. Ke7 Rd3 57. Kf7 Rd4 58. Kg6 g4 59. hxg4 fxg4 60. Be2 Kf4 61. Kh5 Kg3 62. Bxg4 Rxg4 63. d6 Rd4 64. d7 Rxd7 65. Kg6 Rd5 66. Kf6 Kxg2 0-1


[Site "https://www.chess.com"]

[Event "Titled Tuesday Blitz April 11 Late 2023"]
[White "Goltsev, Dmitry"]
[Black "Sieciechowicz, Marcin"]
[WhiteFideId "24176710"]
[BlackFideId "1130170"]
[WhiteElo "2336"]
[BlackElo "2302"]
[Result "1/2-1/2"]
[Round "08"]
[TimeControl "180+2"]
[Date "2023.04.11"]
[WhiteClock "0:01:47"]
[BlackClock "0:01:26"]

1. e4 e6 2. d4 d5 3. exd5 exd5 4. Nf3 Nc6 5. c4 Bb4+ 6. Nc3 Nf6 7. Be2 O-O 8. O-O dxc4 9. Bxc4 Bg4 10. a3 Ba5 11. Bg5 Bxf3 12. Qxf3 Qxd4 13. Bb5 Bxc3 14. bxc3 Qd5 15. Bxf6 Qxf3 16. gxf3 gxf6 17. Bxc6 bxc6 18. Rab1 Rab8 19. Rfd1 Rfd8 20. Rxd8+ Rxd8 21. Rb7 Rd3 22. Kg2 a5 23. Ra7 Rxc3 24. Rxa5 Kf8 25. Ra7 c5 26. Rxc7 Rxa3 27. Rxc5 Kg7 28. Kg3 Ra1 1/2-1/2


[Site "https://www.chess.com"]

[Event "Titled Tuesday Blitz April 11 Late 2023"]
[White "Danielyan, Vahe"]
[Black "Leitao, Rafael"]
[WhiteFideId "13304828"]
[BlackFideId "2101246"]
[WhiteElo "2423"]
[BlackElo "2609"]
[Result "0-1"]
[Round "08"]
[TimeControl "180+2"]
[Date "2023.04.11"]
[WhiteClock "0:00:02"]
[BlackClock "0:00:20"]

1. e4 e5 2. Nc3 Nf6 3. g3 d5 4. exd5 Nxd5 5. Bg2 Nxc3 6. bxc3 Nc6 7. Ne2 Bd6 8. O-O O-O 9. Rb1 Re8 10. d3 Na5 11. c4 c5 12. Nc3 Nc6 13. Ne4 Bf8 14. Be3 Nd4 15. Nc3 Rb8 16. Nd5 Bd7 17. Re1 Bc6 18. Bxd4 exd4 19. Rxe8 Qxe8 20. Qf3 Qd7 21. h4 Re8 22. Qf4 Bd6 23. Qg5 Kf8 24. Be4 h6 25. Qh5 Re5 26. Qf3 Kg8 27. g4 Qd8 28. Qh3 Qe8 29. Re1 Bxd5 30. cxd5 Re7 31. g5 hxg5 32. hxg5 g6 33. Kg2 Be5 34. d6 Bxd6 35. Rh1 Be5 36. Qh7+ Kf8 37. Rh3 Bg7 38. Bxg6 fxg6 39. Rf3+ Rf7 40. Rh3 Qe6 41. Qh4 Qd5+ 42. Kg1 Qf5 43. Rh2 Qf4 44. Qxf4 Rxf4 45. Rg2 Rf5 46. Kf1 Be5 47. Ke2 Bf4 48. Rh2 Kg7 0-1


[Site "https://www.chess.com"]

[Event "Titled Tuesday Blitz April 11 Late 2023"]
[White "Kavutskiy, Konstantin"]
[Black "Remizov, Yaroslav"]
[WhiteFideId "2026384"]
[BlackFideId "34134015"]
[WhiteElo "2323"]
[BlackElo "2412"]
[Result "0-1"]
[Round "08"]
[TimeControl "180+2"]
[Date "2023.04.11"]
[WhiteClock "0:00:19"]
[BlackClock "0:00:05"]

1. d4 d5 2. c4 e6 3. Nf3 c6 4. Qc2 Nd7 5. Nc3 Ngf6 6. Bg5 dxc4 7. e4 b5 8. e5 h6 9. Bh4 g5 10. Nxg5 hxg5 11. Bxg5 Bh6 12. Bxh6 Rxh6 13. exf6 Nxf6 14. O-O-O Bb7 15. g3 Qb6 16. Bg2 O-O-O 17. Qd2 Rg6 18. Qf4 b4 19. Na4 Qa5 20. b3 Nd5 21. Bxd5 Qxd5 22. Qxf7 Qf5 23. Qxf5 exf5 24. Nc5 c3 25. h4 a5 26. h5 Rh6 27. Rh4 Rdh8 28. Rdh1 Kc7 29. f3 Bc8 30. g4 fxg4 31. fxg4 Bxg4 32. Rxg4 Rxh5 33. Rg7+ Kc8 34. Rxh5 Rxh5 35. Rg2 Rh4 36. Ne6 Kd7 37. Re2 Kd6 38. Kc2 Kd5 39. Re5+ Kd6 40. Re2 Rg4 41. Kd3 Rg3+ 42. Kc4 c2 43. Rxc2 Kxe6 44. Kc5 Rc3+ 45. Rxc3 bxc3 46. Kxc6 c2 47. d5+ Ke5 0-1


[Site "https://www.chess.com"]

[Event "Titled Tuesday Blitz April 11 Late 2023"]
[White "Di Berardino, Diego Rafael"]
[Black "Rodshtein, Maxim"]
[WhiteFideId "2105446"]
[BlackFideId "2806851"]
[WhiteElo "2432"]
[BlackElo "2555"]
[Result "1-0"]
[Round "08"]
[TimeControl "180+2"]
[Date "2023.04.11"]
[WhiteClock "0:00:05"]
[BlackClock "0:00:07"]

1. e4 g6 2. d4 Bg7 3. Nc3 d6 4. f4 Nf6 5. Nf3 c5 6. Bb5+ Bd7 7. e5 Ng4 8. Bxd7+ Qxd7 9. d5 dxe5 10. h3 e4 11. hxg4 exf3 12. Qxf3 Na6 13. Bd2 Nb4 14. O-O-O O-O-O 15. Be1 e6 16. Bh4 Rde8 17. Kb1 exd5 18. Nxd5 Qa4 19. Nxb4 Qxb4 20. b3 Re4 21. Qd3 Rd4 22. Qe3 Re4 23. Qd3 Qd4 24. Qxd4 Bxd4 25. g3 b6 26. Rd3 Rhe8 27. c3 Re1+ 28. Rxe1 Rxe1+ 29. Kc2 Bg7 30. Rd8+ Kc7 31. Rg8 Bxc3 32. Kxc3 Re2 33. Rg7 Kc6 34. Rxf7 a5 35. a4 Re3+ 36. Kc2 Re2+ 37. Kc3 Re3+ 38. Kc2 Re2+ 39. Kd3 Rb2 40. Bd8 Rxb3+ 41. Ke4 Rb4+ 42. Ke5 c4 43. f5 c3 44. Rc7# 1-0


[Site "https://www.chess.com"]

[Event "Titled Tuesday Blitz April 11 Late 2023"]
[White "Rastbod, Ali"]
[Black "Averjanov, Alexey"]
[WhiteFideId "12567477"]
[BlackFideId "14109867"]
[WhiteElo "2248"]
[BlackElo "2399"]
[Result "1-0"]
[Round "08"]
[TimeControl "180+2"]
[Date "2023.04.11"]
[WhiteClock "0:01:32"]
[BlackClock "0:00:39"]

1. d4 d5 2. c4 dxc4 3. e4 Nf6 4. e5 Nd5 5. Bxc4 Nb6 6. Bb3 Nc6 7. Ne2 Bf5 8. O-O e6 9. Nbc3 Nb4 10. a3 N4d5 11. Ng3 Bg6 12. f4 Qd7 13. Nce4 Be7 14. Nc5 Bxc5 15. dxc5 Nc8 16. Bxd5 exd5 17. f5 Ne7 18. fxg6 hxg6 19. Qf3 O-O-O 20. Qxf7 Rde8 21. Bg5 c6 22. b4 a6 23. e6 Qc7 24. Bf4 Qd8 25. Bd6 Nf5 26. Rxf5 gxf5 27. Nxf5 Qg5 28. Qd7# 1-0


[Site "https://www.chess.com"]

[Event "Titled Tuesday Blitz April 11 Late 2023"]
[White "Hasangatin, Ramil"]
[Black "Coenen, Michael"]
[WhiteFideId "4122160"]
[BlackFideId "4697367"]
[WhiteElo "2275"]
[BlackElo "2328"]
[Result "0-1"]
[Round "08"]
[TimeControl "180+2"]
[Date "2023.04.11"]
[WhiteClock "0:00:10"]
[BlackClock "0:00:54"]

1. e4 c5 2. Nf3 Nc6 3. Bb5 g6 4. O-O Bg7 5. c3 d6 6. d4 cxd4 7. cxd4 Bd7 8. Nc3 a6 9. Be2 Bg4 10. d5 Nb8 11. Be3 Nd7 12. Nd4 Bxe2 13. Qxe2 Ngf6 14. f3 O-O 15. Rfc1 Rc8 16. Nb3 Ne5 17. Rc2 Nc4 18. Bd4 Nd7 19. Qf2 Bxd4 20. Qxd4 Qb6 21. Rac1 Ne3 22. Re2 Nc4 23. Qxb6 Ndxb6 24. Nd1 Ne5 25. Rec2 Nd3 26. Rxc8 Rxc8 27. Rxc8+ Nxc8 28. Na5 b6 29. Nc6 Kf8 30. Kf1 Ke8 31. a3 e6 32. g3 exd5 33. exd5 Ne7 34. Ke2 Nc1+ 35. Kd2 Nxc6 36. Kxc1 Nd4 37. f4 Nf3 38. h3 Ng1 39. Nf2 Ne2+ 40. Kd2 Nxg3 41. Ne4 Nxe4+ 42. Ke3 Nf6 0-1


[Site "https://www.chess.com"]

[Event "Titled Tuesday Blitz April 11 Late 2023"]
[White "Zarnicki, Pablo"]
[Black "Barp, Alberto"]
[WhiteFideId "100137"]
[BlackFideId "872555"]
[WhiteElo "2468"]
[BlackElo "2313"]
[Result "1-0"]
[Round "08"]
[TimeControl "180+2"]
[Date "2023.04.11"]
[WhiteClock "0:00:09"]
[BlackClock "0:00:02"]

1. e4 c5 2. Nf3 a6 3. c3 d5 4. exd5 Nf6 5. d4 cxd4 6. cxd4 Nxd5 7. Nc3 Nc6 8. Bc4 Be6 9. Bb3 Nxc3 10. bxc3 Bxb3 11. Qxb3 Qd7 12. d5 Na5 13. Qb4 Qxd5 14. O-O e6 15. Qg4 h5 16. Qg3 Bd6 17. Bf4 Bxf4 18. Qxf4 O-O 19. Rad1 Qc5 20. Ng5 Nc6 21. Rd7 Ne5 22. Rxb7 Qxc3 23. h4 Ng6 24. Qg3 Qd4 25. Nxe6 fxe6 26. Qxg6 Rae8 27. Qxh5 Rc8 28. Qg6 Rxf2 29. Qxg7+ Qxg7 30. Rxg7+ Kxg7 31. Rxf2 Rc1+ 32. Kh2 Kg6 33. g4 Rc3 34. Kg2 e5 35. Rf5 e4 36. h5+ Kh6 37. Ra5 Rd3 38. Kf2 Rf3+ 39. Ke2 Rg3 40. Rxa6+ Kg5 41. Re6 Kf4 42. Rf6+ Kg5 43. Rg6+ Kf4 44. h6 Rg2+ 45. Kf1 Rxa2 46. g5 Ra1+ 47. Kg2 Ra2+ 48. Kh3 Ra3+ 49. Kh4 Ra1 50. Rf6+ Ke5 51. Kh5 e3 52. Rf8 Ra6 53. h7 e2 54. h8=Q+ Ke4 55. Re8+ Kf3 56. Qc3+ Kg2 57. Rxe2+ Kf1 58. Qf3+ Kg1 59. Qf2+ Kh1 60. Re1# 1-0


[Site "https://www.chess.com"]

[Event "Titled Tuesday Blitz April 11 Late 2023"]
[White "Oro, Faustino"]
[Black "Chos, Alexey"]
[WhiteFideId "20000197"]
[BlackFideId "14117762"]
[WhiteElo "1984"]
[BlackElo "2234"]
[Result "0-1"]
[Round "08"]
[TimeControl "180+2"]
[Date "2023.04.11"]
[WhiteClock "0:00:01"]
[BlackClock "0:00:22"]

1. e4 c6 2. d4 d5 3. e5 Bf5 4. h4 h5 5. Bd3 Bxd3 6. Qxd3 e6 7. Nf3 Qa5+ 8. Nbd2 Qa6 9. c4 Nd7 10. b3 Ne7 11. O-O Nf5 12. Bb2 Be7 13. g3 Rd8 14. Qc2 Nb6 15. Rfe1 dxc4 16. bxc4 Qa4 17. Qc1 Bb4 18. c5 Nd5 19. Rd1 Bxd2 20. Nxd2 Nxd4 21. Bxd4 Qxd4 22. Nc4 Qg4 23. Nd6+ Ke7 24. Nxb7 Rd7 25. Nd6 Rb8 26. Qd2 f6 27. Rab1 Rxb1 28. Rxb1 fxe5 29. Rb8 e4 30. Qd4 Rd8 31. Rb7+ Rd7 32. Qb2 Rxb7 33. Qxb7+ Kf6 34. Qb2+ Kg6 35. Qe5 e3 36. Ne4 e2 37. Ng5 Nf4 38. Kh2 Nd3 0-1


[Site "https://www.chess.com"]

[Event "Titled Tuesday Blitz April 11 Late 2023"]
[White "Kula, Robert"]
[Black "Hambleton, Aman"]
[WhiteFideId "1101218"]
[BlackFideId "2606577"]
[WhiteElo "2180"]
[BlackElo "2511"]
[Result "0-1"]
[Round "08"]
[TimeControl "180+2"]
[Date "2023.04.11"]
[WhiteClock "0:00:05"]
[BlackClock "0:00:03"]

1. d4 e5 2. dxe5 Nc6 3. Nf3 Qe7 4. Nc3 Nxe5 5. Nd5 Nxf3+ 6. gxf3 Qd8 7. Bf4 d6 8. e4 Nf6 9. Rg1 Be6 10. Bc4 c6 11. Ne3 Bxc4 12. Nxc4 d5 13. exd5 Nxd5 14. Qe2+ Qe7 15. Qxe7+ Bxe7 16. Bd6 Bf6 17. O-O-O O-O-O 18. Bg3 Bg5+ 19. Kb1 Bf4 20. Bxf4 Nxf4 21. Nd6+ Kc7 22. Nxf7 Rxd1+ 23. Rxd1 Re8 24. Ng5 Re2 25. Ne4 h6 26. b3 Nd5 27. Kb2 Nf6 28. Rd2 Re1 29. Nc5 b6 30. Nd3 Rh1 31. Nf4 Rxh2 32. Ne6+ Kb7 33. Nxg7 h5 34. Nf5 Nd5 35. c4 Nf4 36. Kc3 Kc7 37. b4 h4 38. Nd6 h3 39. Ne8+ Kc8 40. Nd6+ Kb8 41. c5 Rg2 42. Nf7 Nd5+ 43. Kc4 h2 44. Rd1 Rg1 0-1


[Site "https://www.chess.com"]

[Event "Titled Tuesday Blitz April 11 Late 2023"]
[White "Howell, David W L"]
[Black "Shapiro, Viktor"]
[WhiteFideId "410608"]
[BlackFideId "4175700"]
[WhiteElo "2567"]
[BlackElo "2152"]
[Result "1-0"]
[Round "08"]
[TimeControl "180+2"]
[Date "2023.04.11"]
[WhiteClock "0:00:02"]
[BlackClock "0:00:01"]

1. d4 Nf6 2. Nd2 d5 3. Ngf3 Bf5 4. c4 c6 5. Nh4 Be6 6. e3 Nbd7 7. Be2 g6 8. O-O Bg7 9. b4 a5 10. b5 Ne4 11. Nxe4 dxe4 12. bxc6 bxc6 13. Rb1 f5 14. Qa4 Qc7 15. Ba3 O-O 16. Bxe7 Rfe8 17. Bg5 c5 18. d5 Bf7 19. f3 h6 20. Bf4 Qd8 21. fxe4 Rxe4 22. Rb7 Ne5 23. Nf3 Ng4 24. Bd3 Re8 25. Re1 Qf6 26. h3 g5 27. hxg4 gxf4 28. Bxf5 fxe3 29. Qc6 Qc3 30. Qc7 Rf8 31. Be6 Bxe6 32. dxe6 Rae8 33. Re2 Kh8 34. Qc6 Rd8 35. e7 Rd1+ 36. Kh2 Be5+ 37. Nxe5 Qxe5+ 38. g3 1-0


[Site "https://www.chess.com"]

[Event "Titled Tuesday Blitz April 11 Late 2023"]
[White "Goroshkov, Maksym"]
[Black "Bolourchifard, Farzad"]
[WhiteFideId "14142716"]
[BlackFideId "12510084"]
[WhiteElo "2322"]
[BlackElo "2317"]
[Result "0-1"]
[Round "08"]
[TimeControl "180+2"]
[Date "2023.04.11"]
[WhiteClock "0:01:01"]
[BlackClock "0:00:23"]

1. e4 e5 2. d4 exd4 3. c3 d5 4. e5 dxc3 5. Nxc3 c6 6. Nf3 Be7 7. Bd3 Be6 8. O-O Nd7 9. Bf4 Qb6 10. b3 Nc5 11. Be3 Qb4 12. Rc1 Nxd3 13. Qxd3 Qa5 14. Nd4 Ba3 15. Rc2 Ne7 16. f4 g6 17. h3 Nf5 18. g4 Nxe3 19. Qxe3 c5 20. Ndb5 d4 21. Qe4 dxc3 22. Qxb7 O-O 23. f5 Rab8 24. Qxa7 Qxb5 25. Qxa3 Qd3 26. Rg2 Bd5 27. Qxc5 Bxg2 28. Kxg2 Rbc8 29. Qf2 c2 30. Rc1 Qd1 31. Qf4 Rfd8 32. e6 fxe6 33. fxg6 Qd2+ 34. Kg3 Rd3+ 35. Kh4 Qxf4 36. gxh7+ Kxh7 37. Rxc2 Qh6# 0-1


[Site "https://www.chess.com"]

[Event "Titled Tuesday Blitz April 11 Late 2023"]
[White "Jimenez Almeida, Luis David"]
[Black "Manukyan, Sargis A."]
[WhiteFideId "22242244"]
[BlackFideId "13303970"]
[WhiteElo "2245"]
[BlackElo "2187"]
[Result "0-1"]
[Round "08"]
[TimeControl "180+2"]
[Date "2023.04.11"]
[WhiteClock "0:00:04"]
[BlackClock "0:00:11"]

1. e4 c5 2. Nc3 d6 3. Nge2 Nf6 4. g3 Nc6 5. Bg2 g6 6. d4 cxd4 7. Nxd4 Bg7 8. Be3 O-O 9. h3 Rb8 10. Qd2 Bd7 11. O-O a6 12. a4 Ne5 13. b3 b5 14. a5 Rc8 15. Nd5 Nxd5 16. exd5 Bf5 17. Rfe1 h5 18. Rac1 Re8 19. Bh6 Bxh6 20. Qxh6 Qd7 21. f4 Qa7 22. c3 Nd3 23. Kh2 Bd7 24. Ne6 Bxe6 25. dxe6 Nxe1 26. exf7+ Kxf7 27. Bd5+ Kf6 28. Qg5+ Kg7 29. f5 Qf2+ 30. Kh1 Qf1+ 31. Kh2 Qxf5 32. Qe3 Qe5 33. Qxe5+ dxe5 34. Rxe1 Rxc3 35. Rxe5 e6 36. Be4 Rxb3 37. Rg5 Kf6 38. Rxg6+ Ke5 39. Bg2 Rb2 40. h4 Rd8 41. Kh3 Rdd2 42. Rg5+ Kd6 0-1


[Site "https://www.chess.com"]

[Event "Titled Tuesday Blitz April 11 Late 2023"]
[White "Przybylski, Wojciech"]
[Black "Kleiman, Jake"]
[WhiteFideId "1117599"]
[BlackFideId "2020041"]
[WhiteElo "2222"]
[BlackElo "2399"]
[Result "0-1"]
[Round "08"]
[TimeControl "180+2"]
[Date "2023.04.11"]
[WhiteClock "0:00:56"]
[BlackClock "0:01:37"]

1. e4 e5 2. Nf3 Nc6 3. d4 exd4 4. Nxd4 Bb4+ 5. c3 Bc5 6. Nb3 Bb6 7. Qg4 Nf6 8. Qxg7 Rg8 9. Qh6 Bxf2+ 10. Kd1 Rg6 11. Qf4 Bb6 12. Bc4 d5 13. exd5 Nxd5 14. Re1+ Ne3+ 15. Ke2 Rxg2+ 16. Kf3 Bg4+ 17. Qxg4 Rxg4 18. Bxe3 Ne5+ 19. Kf2 Qf6+ 0-1


[Site "https://www.chess.com"]

[Event "Titled Tuesday Blitz April 11 Late 2023"]
[White "Taboas Rodriguez, Daniel"]
[Black "Castaneda, Jhon David"]
[WhiteFideId "2208466"]
[BlackFideId "4405048"]
[WhiteElo "2365"]
[BlackElo "2102"]
[Result "0-1"]
[Round "08"]
[TimeControl "180+2"]
[Date "2023.04.11"]
[WhiteClock "0:00:28"]
[BlackClock "0:00:17"]

1. d4 Nf6 2. Nf3 e6 3. c4 b6 4. Nc3 Bb4 5. Qc2 Bb7 6. a3 Bxc3+ 7. Qxc3 Ne4 8. Qc2 d5 9. g3 dxc4 10. Bg2 Nd6 11. O-O O-O 12. Re1 Be4 13. Qc3 Nd7 14. Bg5 f6 15. Bf4 Qc8 16. Bh3 f5 17. Ng5 Bd5 18. Bxd6 cxd6 19. e4 Bb7 20. Nxe6 Bxe4 21. Nxf8 Kxf8 22. f3 Bd3 23. Bf1 Bxf1 24. Kxf1 Nf6 25. Rad1 Nd5 26. Qd2 h6 27. Qe2 f4 28. Rc1 Qh3+ 29. Kg1 fxg3 30. Rxc4 gxh2+ 31. Qxh2 Qd7 32. Rc2 Kg8 33. Rce2 Rf8 34. Re6 Nf4 35. Re7 Qf5 36. Qg3 Rf7 37. Rxf7 Kxf7 38. Re4 Qxe4 39. fxe4 Ne2+ 40. Kf2 Nxg3 41. Kxg3 g5 42. a4 h5 43. b4 a6 44. a5 bxa5 45. bxa5 Ke6 46. Kf3 g4+ 47. Kf4 Kd7 48. Kg3 Kc6 49. Kf4 Kb5 50. e5 dxe5+ 51. dxe5 Kc6 52. Kg5 Kd7 53. Kxh5 g3 54. Kg6 g2 55. Kf7 g1=Q 56. e6+ Kd6 57. e7 Qf2+ 58. Ke8 Qe3 0-1


[Site "https://www.chess.com"]

[Event "Titled Tuesday Blitz April 11 Late 2023"]
[White "Aldokhin, Ivan"]
[Black "Tomaszewski, Kacper"]
[WhiteFideId "24115720"]
[BlackFideId "1127373"]
[WhiteElo "2322"]
[BlackElo "2211"]
[Result "1-0"]
[Round "08"]
[TimeControl "180+2"]
[Date "2023.04.11"]
[WhiteClock "0:00:03"]
[BlackClock "0:00:01"]

1. e4 e5 2. Nf3 Nc6 3. Bb5 Nf6 4. O-O Nxe4 5. Re1 Nd6 6. Bxc6 dxc6 7. Nxe5 Be7 8. b3 O-O 9. Bb2 Re8 10. d3 Bf8 11. Nd2 Bf5 12. Qf3 Bg6 13. Qf4 Bh5 14. Re3 Re6 15. Rae1 Rh6 16. Rg3 Bg6 17. Ndf3 Rh5 18. h3 Nf5 19. Rg4 Nh6 20. Rg5 Rxg5 21. Nxg5 Be7 22. Ngf3 Kf8 23. Nxg6+ hxg6 24. g4 Kg8 25. Be5 Rc8 26. Bb2 Bf6 27. Bc1 Be7 28. Kg2 Bd6 29. Qd4 a6 30. Bb2 Bf8 31. Qa7 Rb8 32. Ne5 Qc8 33. Qd4 c5 34. Qc4 b5 35. Qd5 Qb7 36. Nc6 g5 37. Re5 Kh8 38. Rxg5 f6 39. Rh5 Ra8 40. Rxh6+ gxh6 41. Bxf6+ Kh7 42. Qf7+ 1-0


[Site "https://www.chess.com"]

[Event "Titled Tuesday Blitz April 11 Late 2023"]
[White "Araujo Sanchez, Josue"]
[Black "Manzone, Alessandro"]
[WhiteFideId "6416896"]
[BlackFideId "112488"]
[WhiteElo "2420"]
[BlackElo "2255"]
[Result "0-1"]
[Round "08"]
[TimeControl "180+2"]
[Date "2023.04.11"]
[WhiteClock "0:00:58"]
[BlackClock "0:00:23"]

1. d4 Nf6 2. Nf3 e6 3. e3 d5 4. c4 c5 5. h3 Nc6 6. Nc3 a6 7. cxd5 exd5 8. Bd3 Bd6 9. O-O O-O 10. a3 Re8 11. Bc2 c4 12. Re1 b5 13. e4 dxe4 14. Nxe4 Bb7 15. Bg5 Be7 16. Nxf6+ Bxf6 17. Rxe8+ Qxe8 18. Bxf6 gxf6 19. Nh4 Ne7 20. Qh5 Ng6 21. Nf5 Rd8 22. h4 Kh8 23. Qh6 Qf8 24. h5 Qxh6 25. Nxh6 Rxd4 26. hxg6 fxg6 27. Rd1 Rxd1+ 28. Bxd1 Kg7 29. Ng4 f5 30. Ne5 f4 31. Nd7 Kf7 32. Nc5 Bc8 33. Kf1 Ke7 34. Bf3 Kd6 35. Ne4+ Ke5 36. Ke2 a5 37. Kd2 b4 38. axb4 axb4 39. Nc5 g5 40. Be2 Kd4 41. Na4 g4 42. g3 f3 43. Bf1 Be6 44. Kc2 h5 45. Kd2 Bf5 46. Nb6 c3+ 47. bxc3+ bxc3+ 48. Kd1 Bd3 49. Bxd3 Kxd3 50. Nd5 c2+ 51. Kc1 Ke2 52. Nf4+ Kxf2 53. Nxh5 Ke3 54. Nf4 f2 55. Ng2+ Kf3 0-1


[Site "https://www.chess.com"]

[Event "Titled Tuesday Blitz April 11 Late 2023"]
[White "Leiva, Gianmarco"]
[Black "Silva, Caio Henrique Angelico"]
[WhiteFideId "3804399"]
[BlackFideId "22777210"]
[WhiteElo "2345"]
[BlackElo "2096"]
[Result "0-1"]
[Round "08"]
[TimeControl "180+2"]
[Date "2023.04.11"]
[WhiteClock "0:00:06"]
[BlackClock "0:00:20"]

1. e4 c6 2. d4 d5 3. Nc3 dxe4 4. Nxe4 Nf6 5. Nxf6+ exf6 6. c3 Bd6 7. Bd3 O-O 8. Qc2 Re8+ 9. Ne2 h5 10. Be3 Nd7 11. O-O-O Nf8 12. h3 Be6 13. Kb1 b5 14. g4 h4 15. Rhg1 Bd5 16. g5 Bh2 17. Rg4 Bf3 18. gxf6 Qxf6 19. Bg5 Qe6 20. Rxh4 Ng6 21. Bxg6 Qxg6 22. Qxg6 fxg6 23. Be3 Bxe2 24. Rd2 Bf3 25. Kc2 Rxe3 26. fxe3 Bg3 27. Rg4 Bxg4 28. hxg4 Re8 29. Kd3 g5 30. Rg2 Bd6 31. e4 Bf4 32. e5 Kf7 33. Ke4 Rh8 34. Re2 Rh4 35. d5 cxd5+ 36. Kxd5 Rxg4 37. Kd6 Rg3 38. Kd7 Rd3+ 39. Kc6 Re3 40. Rxe3 Bxe3 41. b4 g4 42. Kd7 Bg5 43. e6+ Kf8 44. c4 bxc4 45. b5 g3 46. a4 g2 47. b6 axb6 0-1


[Site "https://www.chess.com"]